 Dungeon Crawl Stone Soup version 0.23-a0-292-g6cc01a3c85 (webtiles) character file.

205 Leibowitz the Cutter (level 6, 0/37 HPs)
             Began as a Kobold Gladiator on Oct 4, 2018.
             Was an Initiate of Trog.
             Slain by a centaur (9 damage)
             ... on level 3 of the Dungeon.
             The game lasted 00:06:30 (2419 turns).

Leibowitz the Cutter (Kobold Gladiator)             Turns: 2419, Time: 00:06:30

Health: 0/37       AC:  4    Str: 11    XL:     6   Next: 9%
Magic:  6/6        EV: 17    Int: 10    God:    Trog [......]
Gold:   95         SH:  0    Dex: 18    Spells: 5/5 levels left

rFire    + . .     SeeInvis .   a - +0 rapier
rCold    + . .     Gourm    .   (shield restricted)
rNeg     . . .     Faith    .   b - +0 leather armour
rPois    .         Spirit   .   c - +0 helmet
rElec    .         Reflect  .   o - scarf {rC+ rF+}
rCorr    .         Harm     .   (no gloves)
MR       .....                  (no boots)
Stlth    ++........             (no amulet)
HPRegen  0.12/turn              (no ring)
MPRegen  0.10/turn              (no ring)

@: no status effects
A: small, carnivore
a: Renounce Religion


You were on level 3 of the Dungeon.
You worshipped Trog.
Trog was noncommittal.
You were completely stuffed.

You visited 1 branch of the dungeon, and saw 3 of its levels.

You collected 95 gold pieces.

Inventory:

Hand Weapons
 a - a +0 rapier (weapon)
Missiles
 i - 15 poisoned needles
Armour
 b - a +0 leather armour (worn)
 c - a +0 helmet (worn)
 o - a scarf of resistance (worn)
Scrolls
 e - a scroll of teleportation {unknown}
 h - 2 scrolls of amnesia {unknown}
 j - a scroll of enchant weapon {unknown}
 k - a scroll of fear {unknown}
 p - 2 scrolls of enchant armour {unknown}
 r - 2 scrolls of random uselessness {unknown}
Potions
 g - a potion of flight {unknown}
 l - a potion of ambrosia {unknown}
 m - a potion of lignification {unknown}
 n - a potion of curing {unknown}
 q - a potion of mutation {unknown}
 s - a potion of magic {unknown}
Comestibles
 f - 2 rations
 t - 3 chunks of flesh


   Skills:
 * Level 3.0 Fighting
 * Level 5.7 Short Blades
 + Level 2.2 Throwing
 * Level 2.0 Armour
 * Level 4.7 Dodging
 * Level 2.0 Stealth


You had 5 spell levels left.
You didn't know any spells.
Your spell library was empty.

Dungeon Overview and Level Annotations

Branches:
Dungeon (3/15)

Altars:
Ru
Trog


Innate Abilities, Weirdness & Mutations

You are small and have problems with some larger weapons.
You are carnivorous and can eat meat at any time.


Message History

Aim: a centaur You throw a throwing net.
The throwing net hits the centaur.
The centaur is caught in the net!
The centaur struggles against the net.
You hit the centaur.
The centaur is moderately wounded.
The centaur struggles against the net. x2
You hit the centaur but do no damage.
The centaur is moderately wounded.
The centaur struggles against the net.
The net rips apart, and the centaur comes free!
You hit the centaur but do no damage.
The centaur is moderately wounded.
The centaur hits you but does no damage.
You hit the centaur but do no damage.
The centaur is moderately wounded.
The centaur barely misses you.
You hit the centaur but do no damage.
The centaur is moderately wounded.
The centaur hits you!
You die...

####..#####.#
#...........##
#.............
#...........# #
#....).....####.#
#.)............. ####
#.<).........# #)..#
#.........(#.# .....
#.....@(...#
......#######c.#.#.#>
...... #.(.......
......# #..#.....#
.......## ###..........
...c...(###....#....###
......#.(((...........
..... ########.#.####.
.... #.#.#


You could see a centaur.

Vanquished Creatures
  A centaur (D:3)
  Jessica (D:2)
  Robin (D:2)
  A gnoll (D:1)
  An adder (D:2)
  An ooze (D:3)
  3 worms (D:2)
  A dart slug (D:1)
  2 orcs (D:3)
  5 bats
  3 giant cockroaches
  7 hobgoblins
  4 kobolds
  2 frilled lizards
  14 goblins
  2 rats
49 creatures vanquished.

Notes
Turn   | Place    | Note
-------+----------+-------------------------------------------
     0 | D:1      | Leibowitz the Kobold Gladiator began the quest for the Orb.
     0 | D:1      | Reached XP level 1. HP: 12/12 MP: 1/1
    84 | D:1      | Reached XP level 2. HP: 14/17 MP: 2/2
   264 | D:1      | Reached XP level 3. HP: 14/21 MP: 3/3
   649 | D:2      | Noticed Robin
   892 | D:2      | Reached XP level 4. HP: 27/27 MP: 4/4
  1298 | D:2      | Killed Robin
  1298 | D:2      | Reached skill level 5 in Short Blades
  1298 | D:2      | Reached skill level 1 in Stealth
  1652 | D:2      | Noticed Jessica
  1673 | D:2      | Killed Jessica
  1673 | D:2      | Reached skill level 1 in Armour
  1673 | D:2      | Reached XP level 5. HP: 31/31 MP: 5/5
  2160 | D:2      | Found a sacrificial altar of Ru.
  2160 | D:2      | Found a bloodstained altar of Trog.
  2167 | D:2      | Became a worshipper of Trog the Wrathful
  2246 | D:3      | Noticed a centaur
  2256 | D:3      | Killed a centaur
  2256 | D:3      | Reached XP level 6. HP: 27/36 MP: 6/6
  2419 | D:3      | Slain by a centaur

Vault maps used:
D:1:      dpeg_arrival_rooms_b
D:2:      gammafunk_temple_overflow_pools, uniq_robin, uniq_jessica
D:3:      old_standard_altar, minmay_misc_feat_room

Skill      XL: |  1  2  3  4  5  6 |
---------------+-------------------+-----
Dodging        | 4 |  4.7
Short Blades   | 5 |  5.7
Stealth        | 1 2 |  2.0
Armour         | 1 2 |  2.0
Fighting       | 3 |  3.0
Throwing       | |  2.2

Action                   |  1- 3 |  4- 6 || total
-------------------------+-------+-------++-------
Melee: Rapier            |    81 |   107 ||   188
Throw: Throwing net      |       |     6 ||     6
 Stab: Sleeping          |     2 |     2 ||     4
       Held in net/web   |       |     1 ||     1
  Eat: Chunk             |     8 |     5 ||    13
Armor: Leather armour    |    17 |    14 ||    31
Dodge: Dodged            |    57 |    93 ||   150

Table legend:
 A = Non-vault XP
 B = Vault XP
 C = Vault XP percentage of total XP
 D = Non-vault monster count
 E = Vault monster count
 F = Vault count percentage of total count
                 A         B        C        D         E       F
            +---------+---------+-------+---------+---------+-------
      Total |     222 |      71 |  24.2 |      38 |      11 |  22.4
            +---------+---------+-------+---------+---------+-------
        D:1 |      34 |       8 |  19.0 |      11 |       4 |  26.7
        D:2 |      53 |      63 |  54.3 |      19 |       7 |  26.9
        D:3 |     135 |       0 |   0.0 |       8 |       0 |   0.0
            +---------+---------+-------+---------+---------+-------
